2823 views
Uploaded 2020-02-09 23:12:14
Game version 1.32 / 1.32.1
15:46 long 2on2 ladder game on (6)GnollWood
Saved by Grim
2823 views
Uploaded 2020-02-09 23:12:14
Game version 1.32 / 1.32.1
15:46 long 2on2 ladder game on (6)GnollWood


47 units @ 8.4k
/ 1.1k
28 buildings @ 4.5k
/ 1.5k


| Healing Salve | 1 | 100 |
| total: | 1 | 100g |
| Peon | 7 | 525 | / | 0 |
| Grunt | 10 | 2000 | / | 0 |
| Tauren | 4 | 1120 | / | 320 |
| Shaman | 2 | 260 | / | 40 |
| Spirit Walker | 2 | 390 | / | 70 |
| total: | 25 | 4295g | / | 430w |
| Altar of Storms | 1 | 180 | / | 50 |
| Orc Burrow | 8 | 1280 | / | 320 |
| Barracks | 1 | 180 | / | 50 |
| Voodoo Lounge | 1 | 130 | / | 30 |
| War Mill | 1 | 205 | / | 0 |
| Spirit Lodge | 1 | 150 | / | 150 |
| Tauren Totem | 2 | 270 | / | 310 |
| Stronghold | 1 | 315 | / | 190 |
| Fortress | 2 | 650 | / | 380 |
| total: | 15 | 2395g | / | 910w |
| 0:03 | Peon |
| 0:03 | Peon |
| 0:09 | Altar of Storms |
| 0:20 | Orc Burrow |
| 0:39 | Barracks |
| 0:42 | Peon |
| 0:45 | Peon |
| 0:56 | Peon |
| 1:20 | Peon |
| 1:34 | Orc Burrow |
| 1:44 | Grunt |
| 1:52 | Peon |
| 2:08 | Voodoo Lounge |
| 2:11 | Wind Walk |
| 2:30 | Grunt |
| 2:46 | Grunt |
| 3:23 | Orc Burrow |
| 3:31 | War Mill |
| 3:56 | Grunt |
| 4:00 | Stronghold |
| 4:12 | Grunt |
| 4:33 | Critical Strike |
| 5:01 | Orc Burrow |
| 5:04 | Grunt |
| 5:05 | Steel Melee Weapons |
| 5:42 | Grunt |
| 5:43 | Steel Armor |
| 5:57 | Orc Burrow |
| 6:43 | Berserker Strength |
| 6:55 | Grunt |
| 7:18 | Wind Walk |
| 7:36 | Spirit Lodge |
| 7:40 | Healing Salve |
| 7:48 | Healing Wave |
| 7:51 | Grunt |
| 7:53 | Thorium Melee Weapons |
| 9:06 | Grunt |
| 9:09 | Fortress |
| 9:45 | Tauren Totem |
| 9:46 | Shaman Adept Training |
| 9:50 | Tauren Totem |
| 11:07 | Hex |
| 11:12 | Spirit Walker Adept Training |
| 11:39 | Tauren |
| 11:44 | Orc Burrow |
| 11:48 | Orc Burrow |
| 12:14 | Spirit Walker Master Training |
| 12:16 | Tauren |
| 12:17 | Shaman Master Training |
| 13:15 | Tauren |
| 13:17 | Pulverize |
| 13:18 | Shaman |
| 13:19 | Shaman |
| 13:43 | Critical Strike |
| 14:27 | Tauren |
| 14:28 | Spirit Walker |
| 14:31 | Wind Walk |
| 15:05 | Orc Burrow |
| 15:11 | Spirit Walker |
| Right click | 641 |
| Select | 181 |
| Select group | 105 |
| Build/train/purchase | 54 |
| Assign group | 17 |
| Use ability | 9 |
| Minimap ping | 4 |
| Item give/drop | 1 |
| Remove unit | 1 |



| Rod of Necromancy | 2 | 300 |
| Orb of Corruption | 1 | 375 |
| Potion of Lesser Invulnerability | 1 | 150 |
| total: | 4 | 825g |
| Acolyte | 2 | 150 | / | 0 |
| Ghoul | 3 | 360 | / | 0 |
| Crypt Fiend | 13 | 2795 | / | 520 |
| Obsidian Statue | 4 | 800 | / | 140 |
| total: | 22 | 4105g | / | 660w |
| Crypt | 1 | 200 | / | 50 |
| Graveyard | 2 | 430 | / | 0 |
| Altar of Darkness | 1 | 180 | / | 50 |
| Ziggurat | 7 | 1050 | / | 350 |
| Tomb of Relics | 1 | 130 | / | 30 |
| Slaughterhouse | 1 | 140 | / | 135 |
| Halls of the Dead | 1 | 320 | / | 210 |
| Black Citadel | 1 | 325 | / | 230 |
| total: | 13 | 2130g | / | 615w |
| 0:02 | Acolyte |
| 0:07 | Crypt |
| 0:09 | Graveyard |
| 0:12 | Altar of Darkness |
| 0:18 | Acolyte |
| 0:33 | Ziggurat |
| 0:55 | Graveyard |
| 1:11 | Tomb of Relics |
| 1:21 | Ghoul |
| 1:21 | Ghoul |
| 1:36 | Ghoul |
| 1:51 | Ziggurat |
| 2:17 | Crypt Fiend |
| 2:25 | Rod of Necromancy |
| 2:32 | Death Coil |
| 2:46 | Crypt Fiend |
| 2:46 | Crypt Fiend |
| 3:18 | Halls of the Dead |
| 3:51 | Ziggurat |
| 3:52 | Crypt Fiend |
| 4:20 | Crypt Fiend |
| 4:30 | Unholy Aura |
| 4:33 | Ziggurat |
| 4:50 | Crypt Fiend |
| 5:23 | Crypt Fiend |
| 5:46 | Slaughterhouse |
| 5:51 | Burrow |
| 6:49 | Obsidian Statue |
| 6:53 | Crypt Fiend |
| 7:17 | Black Citadel |
| 7:19 | Frost Armor |
| 7:21 | Rod of Necromancy |
| 7:40 | Crypt Fiend |
| 7:42 | Death Coil |
| 7:59 | Potion of Lesser Invulnerability |
| 8:56 | Obsidian Statue |
| 8:57 | Ziggurat |
| 9:09 | Web |
| 9:11 | Creature Attack |
| 9:53 | Destroyer Form |
| 10:08 | Creature Carapace |
| 10:46 | Ziggurat |
| 10:49 | Frost Nova |
| 10:52 | Silence |
| 10:53 | Unholy Aura |
| 11:13 | Crypt Fiend |
| 11:14 | Obsidian Statue |
| 11:33 | Ziggurat |
| 12:38 | Obsidian Statue |
| 12:39 | Crypt Fiend |
| 13:37 | Frost Nova |
| 14:14 | Death Coil |
| 14:21 | Death Coil |
| 14:25 | Crypt Fiend |
| 14:33 | Orb of Corruption |
| 14:59 | Crypt Fiend |
| Right click | 1068 |
| Select group | 796 |
| Assign group | 345 |
| Select | 231 |
| Build/train/purchase | 90 |
| Use ability | 33 |
| Minimap ping | 23 |
| Item give/drop | 6 |
| Misc. action | 5 |
| Remove unit | 1 |
67 units @ 8.9k
/ 0.8k
40 buildings @ 4.9k
/ 2.1k
โ
Bigjow
(15:40) : 
| Healing Salve | 3 | 300 |
| Scroll of Speed | 1 | 50 |
| Scroll of Town Portal | 1 | 350 |
| Boots of Speed | 1 | 250 |
| total: | 6 | 950g |
| Peon | 14 | 1050 | / | 0 |
| Grunt | 2 | 400 | / | 0 |
| Troll Headhunter | 14 | 1960 | / | 280 |
| Wind Rider | 2 | 530 | / | 80 |
| Troll Witch Doctor | 2 | 290 | / | 50 |
| Kodo Beast | 1 | 255 | / | 60 |
| total: | 35 | 4485g | / | 470w |
| Watch Tower | 5 | 550 | / | 400 |
| Altar of Storms | 1 | 180 | / | 50 |
| Orc Burrow | 6 | 960 | / | 240 |
| Barracks | 1 | 180 | / | 50 |
| War Mill | 1 | 205 | / | 0 |
| Voodoo Lounge | 1 | 130 | / | 30 |
| Great Hall | 1 | 385 | / | 185 |
| Beastiary | 1 | 145 | / | 140 |
| Spirit Lodge | 1 | 150 | / | 150 |
| Stronghold | 1 | 315 | / | 190 |
| Fortress | 1 | 325 | / | 190 |
| total: | 18 | 2885g | / | 1245w |
| 0:04 | Altar of Storms |
| 0:05 | Peon |
| 0:05 | Peon |
| 0:10 | Orc Burrow |
| 0:31 | Barracks |
| 0:39 | Peon |
| 0:39 | Peon |
| 0:57 | Peon |
| 0:57 | Peon |
| 1:17 | War Mill |
| 1:37 | Grunt |
| 1:37 | Grunt |
| 1:53 | Orc Burrow |
| 2:01 | Peon |
| 2:09 | Endurance Aura |
| 2:26 | Voodoo Lounge |
| 2:28 | Peon |
| 2:52 | Troll Headhunter |
| 2:52 | Troll Headhunter |
| 3:00 | Steel Ranged Weapons |
| 3:20 | Troll Headhunter |
| 3:37 | Troll Headhunter |
| 3:43 | Healing Salve |
| 3:56 | Orc Burrow |
| 4:47 | Shockwave |
| 5:24 | Troll Headhunter |
| 5:27 | Scroll of Speed |
| 5:29 | Healing Salve |
| 5:39 | Stronghold |
| 5:43 | Watch Tower |
| 5:48 | Orc Burrow |
| 5:51 | Steel Armor |
| 5:54 | Troll Headhunter |
| 6:19 | Troll Headhunter |
| 7:12 | Boots of Speed |
| 7:42 | Great Hall |
| 7:44 | Watch Tower |
| 7:49 | Endurance Aura |
| 8:10 | Watch Tower |
| 8:13 | Troll Headhunter |
| 8:51 | Healing Salve |
| 8:56 | Scroll of Town Portal |
| 8:58 | Troll Headhunter |
| 8:59 | Troll Headhunter |
| 9:05 | Beastiary |
| 9:09 | Thorium Ranged Weapons |
| 9:15 | Watch Tower |
| 9:33 | Spirit Lodge |
| 9:43 | Troll Headhunter |
| 9:51 | Peon |
| 9:51 | Peon |
| 9:55 | Peon |
| 10:21 | Watch Tower |
| 10:39 | Wind Rider |
| 10:58 | Witch Doctor Adept Training |
| 11:30 | War Stomp |
| 11:48 | Peon |
| 11:48 | Peon |
| 11:49 | Peon |
| 11:55 | Troll Witch Doctor |
| 11:58 | Troll Headhunter |
| 12:01 | Fortress |
| 12:41 | Orc Burrow |
| 12:42 | Orc Burrow |
| 13:07 | Troll Headhunter |
| 13:07 | Troll Headhunter |
| 14:09 | Troll Witch Doctor |
| 14:11 | Kodo Beast |
| 14:12 | Wind Rider |
| Right click | 780 |
| Select | 256 |
| Select group | 154 |
| Build/train/purchase | 56 |
| Assign group | 20 |
| Use ability | 17 |
| Resource trade | 11 |
| Misc. action | 10 |
| Remove unit | 3 |
| Minimap ping | 3 |

| Scroll of Regeneration | 2 | 200 |
| Lesser Clarity Potion | 2 | 140 |
| Potion of Healing | 2 | 300 |
| Potion of Mana | 2 | 400 |
| Boots of Speed | 1 | 250 |
| total: | 9 | 1290g |
| Peasant | 9 | 675 | / | 0 |
| Footman | 13 | 1755 | / | 0 |
| Priest | 2 | 270 | / | 20 |
| Sorceress | 3 | 465 | / | 60 |
| Knight | 5 | 1225 | / | 300 |
| total: | 32 | 4390g | / | 380w |
| Scout Tower | 5 | 150 | / | 100 |
| Arcane Tower | 1 | 70 | / | 50 |
| Altar of Kings | 1 | 180 | / | 50 |
| Farm | 9 | 720 | / | 180 |
| Barracks | 2 | 320 | / | 120 |
| Arcane Vault | 1 | 130 | / | 30 |
| Blacksmith | 1 | 140 | / | 60 |
| Lumber Mill | 1 | 120 | / | 0 |
| Arcane Sanctum | 2 | 300 | / | 280 |
| Keep | 1 | 320 | / | 210 |
| Castle | 1 | 360 | / | 210 |
| total: | 22 | 2060g | / | 820w |
| 0:09 | Peasant |
| 0:09 | Peasant |
| 0:16 | Altar of Kings |
| 0:26 | Farm |
| 0:38 | Peasant |
| 0:38 | Peasant |
| 0:41 | Barracks |
| 1:06 | Farm |
| 1:26 | Peasant |
| 1:26 | Peasant |
| 1:26 | Peasant |
| 1:44 | Footman |
| 1:47 | Arcane Vault |
| 2:04 | Scout Tower |
| 2:08 | Footman |
| 2:19 | Peasant |
| 2:25 | Storm Bolt |
| 2:31 | Footman |
| 2:33 | Farm |
| 2:36 | Arcane Tower |
| 3:14 | Footman |
| 3:14 | Footman |
| 3:25 | Blacksmith |
| 3:31 | Peasant |
| 3:37 | Farm |
| 3:47 | Boots of Speed |
| 4:13 | Footman |
| 4:19 | Farm |
| 4:26 | Thunder Clap |
| 5:01 | Footman |
| 5:03 | Keep |
| 5:37 | Footman |
| 5:44 | Scout Tower |
| 5:48 | Scroll of Regeneration |
| 5:49 | Lesser Clarity Potion |
| 6:06 | Lumber Mill |
| 6:14 | Scout Tower |
| 7:06 | Barracks |
| 7:30 | Scout Tower |
| 7:45 | Defend |
| 8:04 | Storm Bolt |
| 8:12 | Arcane Sanctum |
| 8:16 | Arcane Sanctum |
| 8:54 | Footman |
| 8:59 | Scroll of Regeneration |
| 9:03 | Lesser Clarity Potion |
| 9:18 | Footman |
| 9:19 | Footman |
| 9:21 | Iron Forged Swords |
| 9:25 | Scout Tower |
| 9:36 | Priest |
| 10:03 | Footman |
| 10:06 | Sorceress |
| 10:33 | Castle |
| 10:44 | Priest Adept Training |
| 11:13 | Farm |
| 11:17 | Farm |
| 11:52 | Farm |
| 11:54 | Farm |
| 11:57 | Iron Plating |
| 12:30 | Footman |
| 12:32 | Sorceress |
| 13:37 | Potion of Healing |
| 13:38 | Potion of Healing |
| 13:42 | Thunder Clap |
| 13:51 | Knight |
| 13:52 | Knight |
| 13:52 | Knight |
| 14:00 | Storm Bolt |
| 14:06 | Potion of Mana |
| 14:06 | Potion of Mana |
| 14:22 | Priest |
| 14:39 | Knight |
| 14:52 | Sorceress |
| 15:16 | Knight |
| Right click | 773 |
| Select group | 329 |
| Select | 185 |
| Build/train/purchase | 79 |
| Misc. action | 44 |
| Assign group | 34 |
| Use ability | 13 |
| Minimap ping | 8 |
| Esc | 2 |